 Seeded DCSS version 0.30-a0-1053-gbd8d5ba0ad (webtiles) character file.

Game seed: 15324895805574913285 (custom seed)

1531 retardedninja the Cleaver (level 8, 63/63 HPs)
             Began as a Hill Orc Fighter on Apr 11, 2023.
             Was a Believer of Hepliaklqana.
             Quit the game on level 6 of the Dungeon.
             The game lasted 00:07:24 (5815 turns).

retardedninja the Cleaver (Hill Orc Fighter)        Turns: 5815, Time: 00:07:24

Health: 63/63      AC: 28    Str: 21    XL:     8   Next: 85%
Magic:  8/8        EV: 13    Int:  8    God:    Hepliaklqana [**....]
Gold:   310        SH:  5    Dex: 10    Spells: 7/7 levels left

rFire   . . .      SeeInvis .    a - +0 war axe
rCold   . . .      Faith    .    c - +0 buckler
rNeg    + . .      Spirit   .    H - +18 Lear's hauberk
rPois   .          Reflect  .    (helmet currently unavailable)
rElec   .          Rampage  .    (no cloak)
rCorr   .                        (gloves currently unavailable)
Will    .....                    (boots currently unavailable) Stlth
                                 (no amulet)
HPRegen 0.30/turn                v - +5 ring of evasion
MPRegen 0.11/turn                u - ring of positive energy

@: no status effects
A: reduced essence
a: Renounce Religion, Recall Ancestor, Ancestor Identity


You were on level 6 of the Dungeon.
You worshipped Hepliaklqana.
Hepliaklqana was pleased with you.
You visited 1 branch of the dungeon, and saw 6 of its levels.
You also visited: Sewer.

You collected 310 gold pieces.

Inventory:

Hand Weapons
 a - a +0 war axe (weapon)
Armour
 b - a +1 hat
 c - a +0 buckler (worn)
 g - a +0 pair of boots
 i - a +0 chain mail
 E - a +0 pair of gloves
 H - the +18 Lear's hauberk (worn)
   (You found it on level 6 of the Dungeon)
Jewellery
 u - a ring of positive energy (right hand)
 v - a +5 ring of evasion (left hand)
Wands
 C - a wand of flame (12)
 G - a wand of digging (7)
Scrolls
 j - 3 scrolls of blinking
 l - 3 scrolls of fog {unknown}
 m - a scroll of torment {unknown}
 o - 2 scrolls of amnesia {unknown}
 q - a scroll of fear {unknown}
 x - 2 scrolls of immolation {unknown}
 y - a scroll of vulnerability {unknown}
 B - a scroll of summoning {unknown}
 D - 3 scrolls of identify
 F - a scroll of teleportation
Potions
 d - a potion of lignification
 e - a potion of cancellation {unknown}
 f - a potion of might
 h - 3 potions of brilliance {unknown}
 k - a potion of ambrosia {unknown}
 n - 3 potions of degeneration {unknown}
 p - 3 potions of curing
 r - 3 potions of haste {unknown}
 s - 2 potions of mutation {unknown}
 t - 2 potions of attraction {unknown}
 w - 2 potions of heal wounds {unknown}
 z - a potion of resistance {unknown}
 A - 3 potions of magic {unknown}


   Skills:
 + Level 6.8 Fighting
 * Level 9.3 Axes
 + Level 6.2 Armour
 + Level 6.2 Shields


You had 7 spell levels left.
You didn't know any spells.
Your spell library contained the following spells:

 Spells                   Type           Power      Damage    Failure   Level
 Beastly Appendage        Tmut           0%         N/A       98%         1
 Magic Dart               Conj           0%         1d3       98%         1
 Searing Ray              Conj           0%         2d4       99%         2
 Wereblood                Tmut           0%         N/A       99%         2
 Dazzling Flash           Conj/Hex       0%         N/A       100%        3
 Spider Form              Tmut/Pois      0%         N/A       100%        3
 Volatile Blastmotes      Fire/Tloc      0%         2d10      100%        3
 Fulminant Prism          Conj/Hex       0%         3d5       100%        4
 Iskenderun's Mystic Bla  Conj/Tloc      0%         2d3       100%        4
 Starburst                Conj/Fire      0%         6d3       100%        6


Dungeon Overview and Level Annotations

Branches:
Dungeon (6/15)             Temple (0/1) D:4           Sewer (visited)

Altars:
Ashenzari
Cheibriados
Elyvilon
Hepliaklqana
Kikubaaqudgha
Nemelex Xobeh
Wu Jian

Shops:
D:4 (


Message History

The steam dragon barely misses you.
The steam dragon claws you but does no damage.
Things that are here:
a +0 troll leather armour; a troll corpse You hit the steam dragon.
The steam dragon is almost dead.
Ealamassi hits the steam dragon with a +0 quarterstaff!
The steam dragon dies!
The steam dragon scales are intact enough to wear.
Unknown command.
You start resting.
You feel a little less mighty now.
You start resting.
HP restored.
You start waiting.
Unknown command.
You start waiting.
There is a fountain of clear blue water here.
You open the door.
Found the +18 Lear's hauberk.
There is an open door here.
You see here the +18 Lear's hauberk.
H - the +18 Lear's hauberk You'd need your head free.
Unknown command.
You start removing your armour.
You continue taking off your +1 hat. x4
You finish taking off your +1 hat.
You start removing your armour.
You continue taking off your +0 pair of boots. x4
You finish taking off your +0 pair of boots.
You start removing your armour.
You continue taking off your +0 chain mail. x4
You finish taking off your +0 chain mail.
You start putting on your armour.
You continue putting on the +18 Lear's hauberk. x4
You finish putting on the +18 Lear's hauberk.
You swap places.
There is an open door here.
You can't wear this over your hauberk.
Are you sure you want to abandon this character and quit the game? (Confirm with "yes".)

##### #.. ##### ....
.... #.... ..# #.. #....
..###.# #.########..#
....#+#.......##..#
###...!.###...#....
#.#.....#[#...#....
###R..⌠..[##..###...
#..@.8...[....###...
.....##+..⌠..'##........
.... #.....#[#........
... #.....###........ ..
...#+#....#.###'## #
#...# #.####+###..#
.....# #.. #.......'
...... ....+.......#
##..###.#


You could see the friendly Ealamassi the battlemage.

Vanquished Creatures
  Grinder (D:3)
  A troll (D:6)
  2 black bears
  A kobold brigand (Sewer)
  A howler monkey (D:5)
  2 jellies
  2 orc priests
  A sleepcap (D:4)
  Jessica (D:2)
  2 iguanas
  Ijyb (D:4)
  3 orc wizards
  Robin (D:2)
  4 river rats (Sewer)
  11 adders
  A shadow imp (D:5)
  4 worms
  28 orcs
  10 endoplasms
  8 giant cockroaches
  10 goblins
  8 hobgoblins
  6 jackals
  28 kobolds
  7 quokkas
  10 ball pythons
  3 bats
  2 frilled lizards (D:1)
  25 rats
184 creatures vanquished.

Vanquished Creatures (collateral kills)
  A steam dragon (D:6)
  A phantom (D:4)
  A hound (D:5)
  An orc wizard (D:5)
  An adder (D:4)
  3 orcs (D:5)
  2 jackals (D:5)
10 creatures vanquished.

Grand Total: 194 creatures vanquished

Notes
Turn   | Place    | Note
-------+----------+-------------------------------------------
     0 | D:1      | retardedninja the Hill Orc Fighter began the quest for the
                  | Orb.
     0 | D:1      | Reached XP level 1. HP: 19/19 MP: 1/1
   101 | D:1      | Reached skill level 3 in Axes
   156 | D:1      | Reached XP level 2. HP: 27/27 MP: 2/2
  1202 | D:2      | Reached XP level 3. HP: 24/33 MP: 3/3
  1261 | D:2      | Noticed Jessica
  1278 | D:2      | Killed Jessica
  1279 | D:2      | Reached skill level 4 in Axes
  1457 | D:2      | Reached XP level 4. HP: 40/40 MP: 4/4
  1574 | D:2      | Identified the +0 helmet of Daisies {rElec rCorr Int+3}
  1574 | D:2      | Noticed Robin
  1583 | D:2      | Killed Robin
  2015 | D:3      | Reached XP level 5. HP: 47/47 MP: 5/5
  2102 | D:3      | Found a faded altar of an unknown god.
  2215 | D:3      | Found a broken altar of Ashenzari.
  2215 | D:3      | Found an ornate altar of the Wu Jian Council.
  2216 | D:3      | Found a white marble altar of Elyvilon.
  2218 | D:3      | Found an ancient bone altar of Kikubaaqudgha.
  2219 | D:3      | Found a hazy altar of Hepliaklqana.
  2230 | D:3      | Became a worshipper of Hepliaklqana the Forgotten
  2323 | D:3      | Reached skill level 5 in Axes
  2443 | D:3      | Noticed Grinder
  2446 | D:3      | Paralysed by Grinder for 2 turns
  2452 | D:3      | Paralysed by Grinder for 2 turns
  2458 | D:3      | Killed Grinder
  2459 | D:3      | Reached skill level 5 in Fighting
  2459 | D:3      | Reached skill level 6 in Axes
  2459 | D:3      | Reached XP level 6. HP: 23/56 MP: 6/6
  2978 | D:4      | Reached XP level 7. HP: 55/61 MP: 7/7
  3293 | D:4      | Reached skill level 5 in Armour
  3345 | D:4      | Found Nysmec's Weapon Shoppe.
  3371 | D:4      | Reached skill level 7 in Axes
  3371 | D:4      | Reached skill level 5 in Shields
  3484 | D:4      | Found a glowing drain.
  3488 | Sewer    | Entered a sewer
  4123 | D:4      | Noticed Ijyb
  4134 | D:4      | Killed Ijyb
  4214 | D:4      | Reached XP level 8. HP: 61/70 MP: 8/8
  4279 | D:4      | Reached * piety under Hepliaklqana
  4397 | D:4      | Reached skill level 8 in Axes
  4481 | D:4      | Found a staircase to the Ecumenical Temple.
  4674 | D:5      | Entered Level 5 of the Dungeon
  4809 | D:5      | Found a sparkling altar of Nemelex Xobeh.
  5106 | D:5      | Found a snail-covered altar of Cheibriados.
  5485 | D:6      | Reached ** piety under Hepliaklqana
  5488 | D:6      | Remembered your ancestor Ealamassi as a battlemage
  5590 | D:6      | Noticed a troll
  5597 | D:6      | Killed a troll
  5598 | D:6      | Reached skill level 9 in Axes
  5789 | D:6      | Found the +18 Lear's hauberk
  5815 | D:6      | Quit the game

Illustrated notes

Levels and vault maps discovered:
D:1:      onia_arrival_mini_maze, layout_loops_corners
D:2:      layout_basic, uniq_robin, uniq_jessica
D:3:      minmay_skewed_foursquare, layout_rooms, grunt_temple_overflow_open,
          ebering_ecumenical_altar_box, uniq_grinder
D:4:      layout_gridville, minmay_temple_entry_poolview,
          gup_sewer_entry_spiral, serial_shops, shop_statue,
          grunt_decor_arrowhead, minmay_close_crescents, uniq_ijyb
D:5:      cheibrodos_helix_gallery, layout_loops_ring,
          mainiacjoe_overflow_alcove_1, mainiacjoe_overflow_small_starburst,
          kennysheep_small_square
D:6:      layout_gridville, minmay_misc_feat_four_crosses,
          kb_lookout_dungeons_type, kennysheep_small_spiral,
          minmay_misc_feat_encased, hellmonk_guarded_unrand_lears

Skill      XL: |  1  2  3  4  5  6  7  8 |
---------------+-------------------------+-----
Axes           | 3 4 6 7 9 |  9.3
Fighting       | 4 5 6 |  6.8
Armour         | 4 5 6 |  6.2
Shields        | 4 5 6 |  6.2

Action                     |  1- 3 |  4- 6 |  7- 9 || total
---------------------------+-------+-------+-------++-------
  Melee: War axe           |    92 |   134 |   314 ||   540
 Invoke: Ancestor Life: Ba |       |       |     1 ||     1
    Use: Scroll            |       |     6 |       ||     6
         Potion            |       |     2 |     2 ||     4
   Stab: Invisible         |       |     1 |       ||     1
 Armour: Scale mail        |     7 |       |       ||     7
         Chain mail        |    44 |    94 |   168 ||   306
  Dodge: Dodged            |    32 |    53 |   139 ||   224
  Block: Buckler           |    25 |    21 |    80 ||   126

Table legend: (Time is in decaauts)
 A = Elapsed time spent in this place.
 B = Non-inter-level travel time spent in this place.
 C = Inter-level travel time spent in this place.
 D = Time resting spent in this place.
 E = Time spent auto-exploring this place.
 F = Levels seen in this place.
 G = Mean time per level.
                   A        B        C        D        E       F      G
               +--------+--------+--------+--------+--------+-----+--------+
         Total |   5992 |   5797 |    195 |    393 |   3990 |   7 |  856.0 |
       Dungeon |   5426 |   5231 |    195 |    393 |   3621 |   6 |  904.3 |
         Sewer |    566 |    566 |      0 |      0 |    369 |   1 |  566.0 |
               +--------+--------+--------+--------+--------+-----+--------+

Top non-repeatable levels by time:
     D:4: 1244 daAuts
     D:1: 1123 daAuts
     D:3: 976 daAuts
     D:2: 935 daAuts
     D:5: 812 daAuts
   Sewer: 566 daAuts
     D:6: 333 daAuts
